 Dungeon Crawl Stone Soup version 0.24.1-14-gf8d2b509d9 (webtiles) character file.

Game seed: 3002053865146108979, levelgen mode: deterministic

67 Hugehornet the Sneak (level 4, 0/27 HPs)
             Began as an Octopode Enchanter on May 19, 2020.
             Slain by an orc wizard
             ... wielding a +0 dagger
              (5 damage)
             ... on level 4 of the Dungeon.
             The game lasted 00:02:06 (1529 turns).

Hugehornet the Sneak (Octopode Enchanter)           Turns: 1529, Time: 00:02:06

Health: 0/27       AC:  1    Str:  7    XL:     4   Next: 16%
Magic:  7/7        EV: 13    Int: 18    God:
Gold:   36         SH:  0    Dex: 12    Spells: 6/7 levels left

rFire    + . .     SeeInvis .   e - -1 dagger (curse)
rCold    + . .     Gourm    .   (no shield)
rNeg     . . .     Faith    .   (helmet restricted)
rPois    +         Spirit   .   f - amulet of rage
rElec    +         Reflect  .   (no ring)
rCorr    +         Harm     .   (no ring)
MR       .....                  (no ring)
Stlth    ++++......             (no ring)
HPRegen  0.09/turn              (no ring)
MPRegen  0.10/turn              (no ring)
                                (no ring)
                                (no ring)

@: resistant
A: almost no armour, stealthy swim, amphibious, 8 rings, constrict 8, camouflage
1, gelatinous body 1
a: Evoke Berserk Rage


You were on level 4 of the Dungeon.
You were hungry.

You visited 1 branch of the dungeon, and saw 3 of its levels.

You collected 36 gold pieces.

Inventory:

Hand Weapons
 a - a +1 dagger
 d - a +2 short sword of electrocution
 e - a cursed -1 dagger (weapon)
Jewellery
 f - an amulet of rage (around mantle)
 g - an uncursed ring of resist corrosion {unknown}
Scrolls
 b - 2 scrolls of identify
Comestibles
 c - 3 rations


   Skills:
 - Level 1.0 Short Blades
 - Level 2.0 Dodging
 * Level 6.1 Stealth
 - Level 2.0 Spellcasting
 + Level 3.7 Hexes


You had 6 spell levels left.
You knew the following spells:

 Your Spells              Type           Power        Failure   Level  Hunger
a - Corona                Hex            ###....      4%          1    #......

Your spell library contained the following spells:

 Spells                   Type           Power        Failure   Level  Hunger
 Confuse                  Hex            ###.....     12%         3    ###....
 Tukima's Dance           Hex            ###.....     12%         3    ###....
 Ensorcelled Hibernation  Hex/Ice        #.....       13%         2    ###....
 Dazzling Spray           Conj/Hex       #.....       26%         3    ###....


Dungeon Overview and Level Annotations

Branches:
Dungeon (2/15)

Altars:


Innate Abilities, Weirdness & Mutations

You cannot wear most types of armour.
You are very stealthy in the water. (Stealth+)
You are amphibious.
You can wear up to eight rings at the same time.
You can use your tentacles to constrict eight enemies at once.
Your skin changes colour to match your surroundings (Stealth+).
Your rubbery body absorbs attacks. (AC +1, EV +1)


Message History

The orc wizard casts a spell.
The orc wizard blinks!
You barely miss the quokka. You constrict the quokka.
The quokka closely misses you.
You hit the quokka but do no damage.
The quokka is lightly wounded.
You constrict the quokka. The quokka barely misses you.
You hit the quokka but do no damage.
The quokka is moderately wounded.
You constrict the quokka. The quokka bites you.
* * * LOW HITPOINT WARNING * * *
The quokka closely misses you.
You hit the quokka but do no damage.
The quokka is heavily wounded.
You constrict the quokka.
You kill the quokka!
Things that are here:
a +1 flail of venom; a quokka corpse The orc wizard hits you with a +0 dagger.
You die...

#......#
#..r...#
#..?...#
#..o...#
######......#
#...........#
#...........#
#........######
#........o@.)[#
#........####†#
#........# #.#
#........# #.#
#........# #.#
#..............
#.........###.#
..........# ...
##..)......#
#..


You could see an orc wizard.

Vanquished Creatures
  A worker ant (D:4)
  A gnoll (D:1)
  2 orcs (D:4)
  3 bats
  A giant cockroach (D:2)
  A goblin (D:1)
  4 hobgoblins (D:1)
  3 quokkas
  10 frilled lizards
  4 kobolds (D:1)
  3 rats
33 creatures vanquished.

Notes
Turn   | Place    | Note
-------+----------+-------------------------------------------
     0 | D:1      | Hugehornet the Octopode Enchanter began the quest for the
                  | Orb.
     0 | D:1      | Reached XP level 1. HP: 11/11 MP: 3/3
   256 | D:1      | Reached XP level 2. HP: 17/17 MP: 5/5
   319 | D:1      | Reached skill level 5 in Stealth
   503 | D:1      | Reached XP level 3. HP: 21/21 MP: 6/6
  1484 | D:2      | You fall into a shaft and drop 2 floors!
  1489 | D:4      | Reached skill level 6 in Stealth
  1489 | D:4      | Reached XP level 4. HP: 27/27 MP: 7/7
  1529 | D:4      | Slain by an orc wizard

Levels and vault maps discovered:
D:1:      psy_arrival_heroes, layout_loops_ring, minmay_lizard_pond
D:2:      layout_basic, first_ration, serial_bayou_crossing
D:4:      layout_basic, vehumet_statue, minmay_temple_entry_waves,
          minmay_hollow_rounded_squares

Skill      XL: |  1  2  3 |
---------------+----------+-----
Stealth        | 5 6 |  6.1
Short Blades   | |  1.0
Dodging        | |  2.0
Spellcasting   | |  2.0
Hexes          | |  3.7

Action                   |  1- 3 |  4- 6 || total
-------------------------+-------+-------++-------
Melee: Short sword       |     8 |       ||     8
       Dagger            |    52 |    27 ||    79
       Constrict         |    12 |     5 ||    17
       Tentacles         |     8 |     4 ||    12
  Use: Scroll            |     2 |       ||     2
       Potion            |       |     1 ||     1
 Stab: Sleeping          |     6 |       ||     6
  Eat: Chunk             |     1 |       ||     1
Armor: Skin              |     6 |     1 ||     7
Dodge: Dodged            |    33 |    22 ||    55
